 Dungeon Sprint DCSS version 0.23-a0-447-g7b583b2f2c (webtiles) character file.

5806 Jannitor the Fighter (level 10, -9/92 HPs)
             Began as a Demonspawn Monk on Nov 19, 2018.
             Was a High Priest of Trog.
             Mangled by an eight-headed hydra (12 damage)
             ... in the Dungeon (Sprint III: "The Ten Rune Challenge").
             The game lasted 00:06:47 (2391 turns).

Jannitor the Fighter (Demonspawn Monk)              Turns: 2391, Time: 00:06:48

Health: -9/92      AC:  9    Str: 16    XL:     10   Next: 50%
Magic:  9/15       EV: 16    Int: 11    God:    Trog [*****.]
Gold:   47         SH:  0    Dex: 15    Spells: 9/9 levels left

rFire    + . .     SeeInvis .   r - +3 flail (protect)
rCold    . . .     Gourm    .   (no shield)
rNeg     . . .     Faith    .   y - +0 scale mail
rPois    .         Spirit   .   (no helmet)
rElec    .         Reflect  .   (no cloak)
rCorr    .         Harm     .   (no gloves)
MR       ++...     NoTele   +   (no boots)
Stlth    ++........             (no amulet)
HPRegen  1.25/turn              (no ring)
MPRegen  0.14/turn              (no ring)

@: berserk cooldown, regenerating, slowed, very slow
A: fangs 1, hooves 2, yellow scales 2, demonic guardian 2, fire resistance 1
a: Berserk, Trog's Hand, Brothers in Arms, Renounce Religion


You were in the Dungeon.
You worshipped Trog.
Trog was extremely pleased with you.
You were near starving.

You visited 1 branch You collected 47 gold pieces.

Inventory:

Hand Weapons
 a - a +0 mace
 r - a +3 flail of protection (weapon)
 u - a +2 antimagic dire flail
 w - a +2 antimagic great mace
Missiles
 s - 8 throwing nets (quivered)
 x - 6 javelins
Armour
 b - a +0 robe
 q - a +0 leather armour
 y - a +0 scale mail (worn)
Wands
 t - a wand of digging (7)
Scrolls
 k - a scroll of immolation {unknown}
 l - 4 scrolls of identify
 n - a scroll of holy word {unknown}
 o - a scroll of fear {unknown}
Potions
 d - a potion of curing
 e - 2 potions of heal wounds
 f - a potion of haste
 g - 2 potions of magic
 h - a potion of mutation
 i - a potion of might
 m - 4 potions of flight
 p - a potion of berserk rage
 v - a potion of lignification {unknown}
Miscellaneous
 j - a phial of floods
Comestibles
 c - 2 rations


   Skills:
 + Level 13.3 Fighting
 + Level 12.3 Maces & Flails
 + Level 2.2 Throwing
 + Level 2.2 Armour
 - Level 12.1 Dodging
 - Level 8.3 Stealth
 - Level 6.9 Evocations


You had 9 spell levels left.
You didn't know any spells.
Your spell library was empty.

Dungeon Overview and Level Annotations

Branches:
Dungeon (1/1)

Altars:
Cheibriados
Dithmenos
Elyvilon
Fedhas
Gozag
Hepliaklqana
Kikubaaqudgha
Makhleb
Nemelex Xobeh
Okawaru
Qazlal
Ru
Sif Muna
Trog
Uskayaw
Vehumet
Wu Jian
Xom
Yredelemnul
Zin
The Shining One
Beogh
Jiyva
Lugonu


Innate Abilities, Weirdness & Mutations

You have hoof-like feet.
You are mostly covered in yellow scales. (AC +3)
A demonic guardian rushes to your aid.
You have very sharp teeth.
Your flesh is heat resistant. (rF+)


Message History

You feel resistant to hostile enchantments.
You feel somewhat more hungry.
Unknown command.
Your iron troll goes berserk!
You are near starving!
The eight-headed hydra bites you but does no damage.
The eight-headed hydra bites you.
The eight-headed hydra barely misses you.
The eight-headed hydra completely misses you.
The eight-headed hydra barely misses you.
The eight-headed hydra bites you! x2; The eight-headed hydra bites you.
* * * LOW HITPOINT WARNING * * *
The eight-headed hydra barely misses you.
The eight-headed hydra closely misses you.
The eight-headed hydra bites you!
* * * LOW HITPOINT WARNING * * *
The eight-headed hydra bites you!
* * * LOW HITPOINT WARNING * * *
The eight-headed hydra misses you. The eight-headed hydra bites you!
You die...

▓▓▓▓▓▓▓▓▓▓▓▓▓▓▓▓▓▓▓▓▓▓▓▓▓▓▓▓▓▓
♣.....♣♣♣♣†≈≈......).≈≈≈...
♣.≈≈≈≈'♣♣'♣≈≈≈≈≈≈≈≈≈≈≈≈♣♣P.
+...†÷#.≈♣♣♣♣♣♣♣♣♣♣♣♣♣♣♣♣PP
♣♣♣♣♣♣#..♣♣ ♣♣♣
###'♣♣♣♣♣♣♣♣♣♣♣♣♣♣
♣♣♣♣†##..##≈≈≈≈≈≈..
♣...##D##.#≈≈≈≈≈...
♣♣.##@##†##'D≈≈≈§#
♣..#.##..D#≈≈.....
♣♣.##T##..#≈..+###
♣♣.##.#####...# ♣.....# ...#
####### ####


You could see an eight-headed hydra and a friendly iron troll (berserk).

Vanquished Creatures
  A hydra (D)
  Urug (D)
  A deep elf mage (D)
  A rime drake (D)
  A komodo dragon (D)
  4 redbacks (D)
  A shadow (D)
  A spatial vortex (D)
  A swamp drake (D)
  A necrophage (D)
  3 two-headed ogres (D)
  A water elemental (D)
  A scorpion (D)
  A jelly (D)
  A wizard (D)
  Jessica (D)
  A necromancer (D)
  A kobold demonologist (D)
  3 humans (D)
  2 oozes (D)
  A rat (D)
29 creatures vanquished.

Vanquished Creatures (collateral kills)
  Erolcha (D)
  A lindwurm (D)
  2 spiny frogs (D)
  2 two-headed ogres (D)
  2 tyrant leeches (D)
  A redback (D)
  3 wandering mushrooms (D)
12 creatures vanquished.

Vanquished Creatures (others)
  2 draconian scorchers (D)
  6 hellions (D)
  2 yaktaurs (D)
  An electric eel (D)
11 creatures vanquished.

Grand Total: 52 creatures vanquished

Notes
Turn   | Place    | Note
-------+----------+-------------------------------------------
     0 | D        | Jannitor the Demonspawn Monk began the quest for the Orb.
     0 | D        | Reached XP level 1. HP: 18/18 MP: 1/1
    17 | D        | Gained mutation: You are partially covered in yellow
                  | scales. (AC +2) [demonic ancestry]
    17 | D        | Reached XP level 2. HP: 13/24 MP: 2/2
    67 | D        | Killed a hellion
    83 | D        | Killed a yaktaur
   101 | D        | Killed a yaktaur
   118 | D        | Killed a hellion
   153 | D        | Noticed Jessica
   156 | D        | Killed a hellion
   158 | D        | Killed a hellion
   165 | D        | Killed Jessica
   165 | D        | Reached skill level 4 in Fighting
   165 | D        | Gained mutation: You are mostly covered in yellow scales.
                  | (AC +3) [demonic ancestry]
   165 | D        | Reached XP level 3. HP: 31/31 MP: 3/3
   176 | D        | Killed a hellion
   204 | D        | Noticed a scorpion
   211 | D        | Killed a scorpion
   211 | D        | Reached skill level 5 in Fighting
   211 | D        | Gained mutation: A weak demonic guardian rushes to your
                  | aid. [demonic ancestry]
   211 | D        | Reached XP level 4. HP: 39/39 MP: 4/4
   229 | D        | Killed a white draconian scorcher
   252 | D        | Killed a hellion
   256 | D        | Killed a white draconian scorcher
   273 | D        | Gained mutation: You are frail. (-10% HP) [potion of
                  | mutation]
   273 | D        | Gained mutation: Your magical capacity is low. (-10% MP)
                  | [potion of mutation]
   273 | D        | Gained mutation: Your flesh is cold resistant. (rC+)
                  | [potion of mutation]
   280 | D        | Lost mutation: Your magical capacity is low. (-10% MP)
                  | [potion of mutation]
   280 | D        | Lost mutation: You are frail. (-10% HP) [potion of
                  | mutation]
   280 | D        | Lost mutation: Your flesh is cold resistant. (rC+) [potion
                  | of mutation]
   280 | D        | Gained mutation: You have very sharp teeth. [potion of
                  | mutation]
   280 | D        | Gained mutation: You are dopey. (Int -2) [potion of
                  | mutation]
   280 | D        | Gained mutation: Your flesh is heat resistant. (rF+)
                  | [potion of mutation]
   280 | D        | Lost mutation: You are dopey. (Int -2) [potion of mutation]
   285 | D        | Noticed a water elemental
   293 | D        | Found a hide-covered altar of Uskayaw.
   293 | D        | Found an iron altar of Okawaru.
   294 | D        | Found a roughly hewn altar of Beogh.
   294 | D        | Found a bloodstained altar of Trog.
   294 | D        | Found an ornate altar of the Wu Jian Council.
   294 | D        | Noticed a human
   294 | D        | Noticed a human
   301 | D        | Became a worshipper of Trog the Wrathful
   301 | D        | Reached * piety under Trog
   301 | D        | Reached ** piety under Trog
   305 | D        | Killed a human
   305 | D        | Reached skill level 6 in Fighting
   305 | D        | Reached skill level 5 in Maces & Flails
   305 | D        | Reached skill level 5 in Dodging
   305 | D        | Reached skill level 5 in Stealth
   305 | D        | Gained mutation: A demonic guardian rushes to your aid.
                  | [demonic ancestry]
   305 | D        | Reached XP level 5. HP: 23/47 MP: 5/5
   310 | D        | Killed a human
   310 | D        | Reached skill level 7 in Fighting
   310 | D        | Reached XP level 6. HP: 23/55 MP: 6/6
   504 | D        | Found a radiant altar of Vehumet.
   505 | D        | Found a deep blue altar of Sif Muna.
   505 | D        | Found an ancient bone altar of Kikubaaqudgha.
   508 | D        | Reached *** piety under Trog
   645 | D        | Found a glowing silver altar of Zin.
   646 | D        | Found a glowing golden altar of the Shining One.
   646 | D        | Found a white marble altar of Elyvilon.
   646 | D        | Noticed a deep elf mage
   651 | D        | Killed a deep elf mage
   651 | D        | Reached **** piety under Trog
   651 | D        | Reached skill level 8 in Fighting
   651 | D        | Gained mutation: You have large cloven feet. [demonic
                  | ancestry]
   651 | D        | Reached XP level 7. HP: 63/63 MP: 7/7
   684 | D        | Found a basalt altar of Yredelemnul.
   684 | D        | Found a shadowy altar of Dithmenos.
   684 | D        | Found a sacrificial altar of Ru.
   691 | D        | Reached skill level 9 in Fighting
   761 | D        | Noticed a shadow
   767 | D        | Killed a shadow
   790 | D        | Reached ***** piety under Trog
   989 | D        | Found a blossoming altar of Fedhas.
   989 | D        | Found a stormy altar of Qazlal.
   989 | D        | Found a snail-covered altar of Cheibriados.
   989 | D        | Found a burning altar of Makhleb.
   989 | D        | Found a shimmering altar of Xom.
   990 | D        | Found a hazy altar of Hepliaklqana.
   990 | D        | Found an opulent altar of Gozag.
   990 | D        | Found a sparkling altar of Nemelex Xobeh.
   990 | D        | Found a corrupted altar of Lugonu.
   990 | D        | Found a viscous altar of Jiyva.
   990 | D        | Noticed a spatial vortex
   997 | D        | Killed a spatial vortex
   997 | D        | Received a gift from Trog
   997 | D        | Reached XP level 8. HP: 56/71 MP: 8/8
  1164 | D        | Reached skill level 1 in Evocations
  1173 | D        | Reached skill level 10 in Fighting
  1310 | D        | Noticed a two-headed ogre
  1317 | D        | Killed a two-headed ogre
  1327 | D        | Noticed a two-headed ogre
  1327 | D        | Noticed Erolcha
  1337 | D        | Killed Erolcha
  1337 | D        | Reached skill level 10 in Maces & Flails
  1337 | D        | Reached skill level 10 in Dodging
  1337 | D        | Reached skill level 5 in Evocations
  1337 | D        | Gained mutation: You have hoof-like feet. [demonic
                  | ancestry]
  1337 | D        | Reached XP level 9. HP: 74/79 MP: 10/12
  1341 | D        | Killed a two-headed ogre
  1341 | D        | Reached skill level 11 in Fighting
  1360 | D        | Received a gift from Trog
  1691 | D        | Noticed a wandering mushroom
  1695 | D        | Noticed a wandering mushroom
  1709 | D        | Noticed a wandering mushroom
  1713 | D        | Killed a wandering mushroom
  1735 | D        | Noticed a spiny frog
  1735 | D        | Noticed a komodo dragon
  1735 | D        | Noticed a spiny frog
  1750 | D        | Killed a spiny frog
  1754 | D        | Killed a spiny frog
  1765 | D        | Killed a komodo dragon
  1765 | D        | Received a gift from Trog
  1911 | D        | Noticed a rime drake
  1912 | D        | Killed a rime drake
  1912 | D        | Reached skill level 12 in Fighting
  1927 | D        | Noticed a tyrant leech
  1933 | D        | Noticed a tyrant leech
  1936 | D        | Killed a tyrant leech
  1936 | D        | Reached XP level 10. HP: 90/90 MP: 5/15
  2089 | D        | Noticed a lindwurm
  2099 | D        | Killed a lindwurm
  2200 | D        | Reached ****** piety under Trog
  2201 | D        | Noticed Urug
  2212 | D        | Killed Urug
  2212 | D        | Received a gift from Trog
  2212 | D        | Reached skill level 13 in Fighting
  2358 | D        | Noticed a six-headed hydra
  2358 | D        | Noticed an eight-headed hydra
  2381 | D        | Killed a six-headed hydra
  2391 | D        | HP: 3/92 [eight-headed hydra (8)]
  2391 | D        | Mangled by an eight-headed hydra

Vault maps used:
D:        dungeon_sprint_mu

Skill      XL: |  1  2  3  4  5  6  7  8  9 10 |
---------------+-------------------------------+-----
Maces & Flails | 3 4 5 6 7 8 10 11 12 | 12.3
Dodging        | 3 4 5 6 7 8 10 11 12 | 12.1
Stealth        | 2 3 4 5 6 8 |  8.3
Fighting       | 4 5 6 7 8 9 10 12 13 | 13.3
Evocations     | 5 6 |  6.9
Throwing       | 2 |  2.2
Armour         | 2 |  2.2

Action                   |  1- 3 |  4- 6 |  7- 9 | 10-12 || total
-------------------------+-------+-------+-------+-------++-------
Melee: Mace              |    19 |    32 |    16 |       ||    67
       Bite              |       |     4 |     7 |     1 ||    12
       Kick              |       |       |    24 |     8 ||    32
       Flail             |       |       |    28 |     6 ||    34
       Dire flail        |       |       |    16 |    27 ||    43
Invok: Berserk           |       |     3 |     3 |     1 ||     7
       Trog's Hand       |       |     1 |     2 |     1 ||     4
       Brothers in Arms  |       |       |       |     1 ||     1
  Use: Potion            |     1 |     3 |       |       ||     4
       Scroll            |       |     1 |       |       ||     1
 Stab: Sleeping          |     1 |     1 |     9 |     2 ||    13
  Eat: Chunk             |       |     1 |     3 |       ||     4
       Ration            |       |       |     2 |       ||     2
Armor: Robe              |       |     3 |       |       ||     3
       Leather armour    |       |     1 |     8 |     1 ||    10
       Scale mail        |       |       |       |     5 ||     5
Dodge: Dodged            |    11 |    19 |    33 |    35 ||    98

Table legend:
 A = Non-vault XP
 B = Vault XP
 C = Vault XP percentage of total XP
 D = Non-vault monster count
 E = Vault monster count
 F = Vault count percentage of total count
                 A         B        C        D         E       F
            +---------+---------+-------+---------+---------+-------
      Total |       0 |    8295 | 100.0 |       0 |      41 | 100.0
            +---------+---------+-------+---------+---------+-------
          D |       0 |    8295 | 100.0 |       0 |      41 | 100.0
            +---------+---------+-------+---------+---------+-------
